[Event "ICC tourney 2875 (40 10)"]
[Site "Internet Chess Club"]
[Date "2022.04.09"]
[Round "3"]
[White "SRIPADA, HAVISH:brilliantnessme"]
[Black "LU, YIDING:K05-16857692"]
[Result "0-1"]
[ICCResult "White checkmated"]
[WhiteElo "1985"]
[BlackElo "1790"]
[Opening "Pirc defense"]
[ECO "B07"]
[NIC "PU.08"]
[Time "15:30:50"]
[PlyCount "78"]
[TimeControl "2400+10"]

1. e4 d6 2. d4 Nf6 3. Nc3 Nbd7 4. f4 e5 5. Nf3 exd4 6. Qxd4 c6 7. Be3 d5 8.
exd5 Bc5 9. Qd2 Qe7 10. Nd4 Ng4 11. Nd1 Ndf6 12. h3 Ne4 13. hxg4 Nxd2 14.
Kxd2 Bxg4 15. Nc3 O-O-O 16. Re1 Qf6 17. Ne4 Qe7 18. Nc3 Rhe8 19. Bd3 Qf6 20.
Nf5 Bxf5 21. Bxf5+ Qxf5 22. Bxc5 Rxd5+ 23. Nxd5 Qxd5+ 24. Kc1 Rxe1+ 25. Rxe1
Qxc5 26. Re8+ Kd7 27. Re1 Qf2 28. Rd1+ Kc7 29. Kb1 Qxg2 30. a3 h5 31. f5 h4
32. f6 gxf6 33. a4 h3 34. a5 h2 35. a6 h1=Q 36. axb7 Qxd1+ 37. Ka2 Qgd5+ 38.
Ka3 Qa1+ 39. Kb4 Qaa5# {White checkmated} 0-1

[Event "ICC tourney 2875 (40 10)"]
[Site "Internet Chess Club"]
[Date "2022.04.09"]
[Round "3"]
[White "CHAMPSI, IMRAN:imranchamp"]
[Black "Tanenbaum, Zachary:MasterZachary"]
[Result "0-1"]
[ICCResult "White checkmated"]
[WhiteElo "1696"]
[BlackElo "2247"]
[Opening "Two knights defense (Modern bishop's opening)"]
[ECO "C55"]
[NIC "IG.01"]
[Time "15:30:15"]
[PlyCount "50"]
[TimeControl "2400+10"]

1. e4 e5 2. Nf3 Nc6 3. Bc4 Nf6 4. d3 Be7 5. O-O O-O 6. c3 d5 7. exd5 Nxd5 8.
Re1 Bg4 9. h3 Bh5 10. Nbd2 a6 11. Bb3 Nf4 12. Bc2 f5 13. Nc4 Ng6 14. Ne3 Nh4
15. Nf1 Bxf3 16. gxf3 Qd7 17. f4 Rf6 18. Ng3 Rg6 19. fxe5 f4 20. e6 Qd5 21.
f3 Rxg3+ 22. Kh2 Nxf3+ 23. Kh1 Nxe1+ 24. Qf3 Qxf3+ 25. Kh2 Qg2#
{White checkmated}
0-1

[Event "ICC tourney 2875 (40 10)"]
[Site "Internet Chess Club"]
[Date "2022.04.09"]
[Round "3"]
[White "JEGAN, ALAN:playtowin2020"]
[Black "WANG, JEFFERY:creativechesski"]
[Result "0-1"]
[ICCResult "White resigns"]
[WhiteElo "2037"]
[BlackElo "1865"]
[Opening "Giuoco Piano"]
[ECO "C44"]
[NIC "SO.06"]
[Time "15:30:42"]
[PlyCount "72"]
[TimeControl "2400+10"]

1. e4 e5 2. Nf3 Nc6 3. d4 exd4 4. Bc4 Bc5 5. c3 Nf6 6. cxd4 Bb4+ 7. Bd2 Nxe4
8. Bxb4 Nxb4 9. Bxf7+ Kxf7 10. Qb3+ d5 11. Qxb4 Rf8 12. Qb3 Kg8 13. O-O Kh8
14. Nbd2 b6 15. Nxe4 dxe4 16. Ne5 Qf6 17. Qd5 Ba6 18. Rfe1 Rad8 19. Qxe4
Qxf2+ 20. Kh1 Rxd4 21. Qc6 Rd2 22. Rg1 Rc2 23. Qe4 Re2 24. Qd5 Qf5 25. Qb3
Rxe5 26. Qa3 Bb7 27. Qxa7 Qe4 28. Qa3 Rfe8 29. Raf1 c5 30. Qg3 R5e6 31. Rf4
Qe3 32. Rgf1 h6 33. Qg4 Qe5 34. Rf5 Qe2 35. Qg3 Re5 36. R5f2 Qe3 {White
resigns} 0-1

[Event "ICC tourney 2875 (40 10)"]
[Site "Internet Chess Club"]
[Date "2022.04.09"]
[Round "3"]
[White "SHOLL, CRAIG H:craigsholl66"]
[Black "Qiao, Ethan:CougarForest"]
[Result "0-1"]
[ICCResult "White resigns"]
[WhiteElo "1696"]
[BlackElo "1479"]
[Opening "QGD Slav: 4.e3 Bf5"]
[ECO "D12"]
[NIC "QP.06"]
[Time "15:30:08"]
[PlyCount "80"]
[TimeControl "2400+10"]

1. Nf3 Nf6 2. d4 d5 3. e3 Bf5 4. c4 c6 5. Nc3 e6 6. h3 h6 7. Bd3 Bxd3 8.
Qxd3 dxc4 9. Qxc4 Bd6 10. e4 Be7 11. O-O O-O 12. Bf4 Nbd7 13. e5 Nd5 14.
Nxd5 cxd5 15. Qb5 Nb6 16. b3 Qd7 17. Qd3 Rfc8 18. g4 Rc6 19. Rfc1 Rac8 20.
Rxc6 Rxc6 21. Rc1 Rxc1+ 22. Bxc1 Qc6 23. Bd2 Nd7 24. g5 hxg5 25. Nxg5 Bxg5
26. Bxg5 Qa6 27. Qg3 Qxa2 28. Qc3 Qb1+ 29. Kh2 Nb6 30. Qc7 Qxb3 31. Qxb7 Qa2
32. Qb8+ Kh7 33. Kg2 Nc4 34. Qf8 Kg6 35. Qh8 Qe2 36. Bh6 Qe4+ 37. Kg3 gxh6
38. Qf6+ Kh5 39. f3 Qg6+ 40. Qxg6+ fxg6 {White resigns} 0-1

[Event "ICC tourney 2875 (40 10)"]
[Site "Internet Chess Club"]
[Date "2022.04.09"]
[Round "3"]
[White "Yan, Ruiyang:K01-30157975"]
[Black "NATHAN, NITISH SG:K06-15494283"]
[Result "1-0"]
[ICCResult "Black checkmated"]
[WhiteElo "2193"]
[BlackElo "1908"]
[Opening "Sicilian: Labourdonnais-Löwenthal (Kalashnikov) variation"]
[ECO "B32"]
[NIC "SI.32"]
[Time "15:30:07"]
[PlyCount "117"]
[TimeControl "2400+10"]

1. e4 c5 2. Nf3 Nc6 3. d4 cxd4 4. Nxd4 e5 5. Nb5 d6 6. N1c3 a6 7. Na3 Be7 8.
Nc4 b5 9. Ne3 Nf6 10. g3 O-O 11. Bg2 Be6 12. O-O Qd7 13. Ncd5 Bd8 14. c3 Rb8
15. a3 a5 16. Nxf6+ Bxf6 17. Nd5 Bxd5 18. exd5 Ne7 19. Qf3 Qf5 20. Qe2 Qd7
21. Bd2 Rfc8 22. Rad1 Qc7 23. h4 Qc4 24. Qf3 Rf8 25. Rfe1 Qc8 26. Kh2 Qf5
27. Qe2 Qc2 28. Be4 Qb3 29. Qf3 b4 30. axb4 axb4 31. Kh3 bxc3 32. bxc3 Qb7
33. g4 Qd7 34. Kg3 Ng6 35. g5 Nf4 36. Kh2 Bd8 37. Bxf4 exf4 38. Qxf4 f6 39.
Bf5 Qa7 40. Re2 fxg5 41. Be6+ Rf7 42. hxg5 Bb6 43. Bxf7+ Qxf7 44. Qxf7+ Kxf7
45. Rb1 Bc7 46. Rxb8 Bxb8 47. Rb2 Kg6 48. Rxb8 Kxg5 49. Rd8 Kf6 50. Rxd6+
Ke7 51. Re6+ Kd7 52. c4 g6 53. c5 Kc7 54. Re7+ Kd8 55. d6 Kc8 56. c6 Kd8 57.
Kg3 h5 58. Kh4 Kc8 59. Re8# {Black checkmated} 1-0

[Event "ICC tourney 2875 (40 10)"]
[Site "Internet Chess Club"]
[Date "2022.04.09"]
[Round "3"]
[White "LIANG, ETHAN Y:ELCCEthan488"]
[Black "LING, CHENXUAN:UnicornMM"]
[Result "0-1"]
[ICCResult "White resigns"]
[WhiteElo "1852"]
[BlackElo "1740"]
[Opening "QGD Slav defense: exchange variation"]
[ECO "D10"]
[NIC "SL.01"]
[Time "15:30:17"]
[PlyCount "96"]
[TimeControl "2400+10"]

1. d4 d5 2. c4 c6 3. cxd5 cxd5 4. Bf4 Nf6 5. Nc3 Nc6 6. e3 a6 7. Bd3 e6 8.
Rc1 Bd6 9. Bxd6 Qxd6 10. f4 O-O 11. Nf3 h6 12. O-O b6 13. Ne5 Bb7 14. Na4
Nb4 15. Bb1 Ne4 16. a3 Nc6 17. Bxe4 dxe4 18. Qc2 b5 19. Nc5 Nxe5 20. Nxb7
Qb6 21. Nc5 Nc4 22. Nd7 Qb7 23. Nxf8 Nxe3 24. Qc7 Qxc7 25. Rxc7 Nxf1 26.
Kxf1 Kxf8 27. Ke2 f5 28. Ke3 Rb8 29. b4 Ra8 30. Rb7 Rc8 31. Kd2 Rc4 32. Rd7
g5 33. g3 Ke8 34. Rd6 Ke7 35. Rxa6 Rxd4+ 36. Ke2 Rd3 37. Rb6 Rxa3 38. Rxb5
Ra2+ 39. Ke3 Rxh2 40. fxg5 hxg5 41. Rc5 Rg2 42. Rc1 Rxg3+ 43. Kd4 Rb3 44.
Kc5 e3 45. b5 f4 46. b6 f3 47. Kc6 Rxb6+ 48. Kxb6 e2 {White resigns} 0-1

[Event "ICC tourney 2875 (40 10)"]
[Site "Internet Chess Club"]
[Date "2022.04.09"]
[Round "3"]
[White "HU, MERRIC:K09-14686967"]
[Black "GUSEINOV, GADIR:GGuseinov"]
[Result "1-0"]
[ICCResult "Black resigns"]
[WhiteElo "2027"]
[BlackElo "2711"]
[Opening "Sicilian defense"]
[ECO "B40"]
[NIC "SI.43"]
[Time "15:31:01"]
[PlyCount "87"]
[TimeControl "2400+10"]

1. e4 c5 2. Nf3 e6 3. b3 a6 4. Bb2 Nc6 5. c4 Qc7 6. g3 Nf6 7. e5 Ng4 8. Qe2
f6 9. exf6 Nxf6 10. Bg2 Be7 11. O-O O-O 12. d4 cxd4 13. Nxd4 Bc5 14. Nxc6
bxc6 15. Nd2 d6 16. Ne4 Nxe4 17. Qxe4 d5 18. Qe5 Qxe5 19. Bxe5 Bd7 20. Rac1
Rac8 21. Bf4 Bd4 22. Kh1 e5 23. Be3 Bxe3 24. fxe3 Rxf1+ 25. Bxf1 d4 26. c5
Be6 27. exd4 exd4 28. Rd1 Rd8 29. Bxa6 Ra8 30. Bc4 Bxc4 31. bxc4 Rxa2 32.
Rxd4 Ra5 33. Kg2 Rxc5 34. h4 Kf7 35. Re4 Kf6 36. Kf3 g6 37. g4 Re5 38. g5+
Ke6 39. Kf4 Rxe4+ 40. Kxe4 Kd6 41. Kd4 c5+ 42. Ke4 Ke6 43. Kf4 Kd6 44. Ke4
{Black resigns}
1-0

[Event "ICC tourney 2875 (40 10)"]
[Site "Internet Chess Club"]
[Date "2022.04.09"]
[Round "3"]
[White "SHAWKAT, SAIF:saif-shawkat"]
[Black "Luo, Will:willluowin"]
[Result "1-0"]
[ICCResult "Black checkmated"]
[WhiteElo "1953"]
[BlackElo "1692"]
[Opening "Caro-Kann defense"]
[ECO "B10"]
[NIC "CK.01"]
[Time "15:30:10"]
[PlyCount "115"]
[TimeControl "2400+10"]

1. e4 c6 2. Nf3 d5 3. d3 dxe4 4. dxe4 Qxd1+ 5. Kxd1 Bg4 6. Be2 e6 7. Ne1
Bxe2+ 8. Kxe2 Nd7 9. Nd3 g6 10. Be3 Bg7 11. Nd2 Ne7 12. a4 O-O 13. a5 Rfd8
14. Nc4 Nf6 15. f3 Ne8 16. Nc5 b5 17. axb6 axb6 18. Nxb6 Rxa1 19. Rxa1 Bxb2
20. Ra7 Nc8 21. Ra8 Ned6 22. Nd3 Bf6 23. Ra6 Nb5 24. Na4 Ne7 25. Bb6 Rc8 26.
Bc5 Rc7 27. e5 Bg5 28. c4 h5 29. cxb5 cxb5 30. Nc3 Nd5 31. Nxd5 exd5 32. Rb6
Be7 33. Bxe7 Rxe7 34. Rxb5 f6 35. Rxd5 fxe5 36. Rxe5 Rxe5+ 37. Nxe5 Kg7 38.
Ke3 Kf6 39. Ke4 g5 40. g3 Ke6 41. Nd3 Kf6 42. f4 gxf4 43. Kxf4 Kg6 44. Ne5+
Kh6 45. h4 Kh7 46. Kg5 Kg7 47. Kxh5 Kh7 48. Kg4 Kg7 49. Kg5 Kh7 50. g4 Kg7
51. h5 Kh7 52. h6 Kh8 53. Kg6 Kg8 54. h7+ Kf8 55. h8=Q+ Ke7 56. Qf6+ Ke8 57.
Qf7+ Kd8 58. Qd7# {Black checkmated} 1-0

[Event "ICC tourney 2875 (40 10)"]
[Site "Internet Chess Club"]
[Date "2022.04.09"]
[Round "3"]
[White "HO, COOPER:arsenicblast"]
[Black "DENG, HENRY:SuperPuzzler"]
[Result "0-1"]
[ICCResult "White resigns"]
[WhiteElo "1842"]
[BlackElo "2090"]
[Opening "Giuoco Piano"]
[ECO "C50"]
[NIC "IG.02"]
[Time "15:30:12"]
[PlyCount "94"]
[TimeControl "2400+10"]

1. e4 e5 2. Nf3 Nc6 3. Bc4 Bc5 4. O-O Nf6 5. d3 d6 6. c3 a6 7. a4 Ba7 8.
Nbd2 h6 9. b4 O-O 10. h3 d5 11. exd5 Nxd5 12. Qc2 Nf4 13. Ne4 Bf5 14. Bxf4
exf4 15. d4 a5 16. b5 Ne7 17. Rfe1 c6 18. Ne5 Bb8 19. Qb3 Bxe5 20. dxe5 Nd5
21. Nd6 Be6 22. Nxb7 Qg5 23. bxc6 Bxh3 24. Bxd5 Bxg2 25. Kh2 Bxd5 26. Qxd5
Qh5+ 27. Kg2 Qg4+ 28. Kf1 f3 29. Red1 Qh5 30. Ke1 Rae8 31. Kd2 Rxe5 32. Qd7
Rd5+ 33. Kc2 Qg6+ 34. Kc1 Rxd7 35. cxd7 Qc6 36. d8=Q Qxc3+ 37. Kb1 Rxd8 38.
Rxd8+ Kh7 39. Nd6 Qe1+ 40. Kb2 Qxf2+ 41. Kc3 Qe3+ 42. Kc2 Qe7 43. Nxf7 Qxf7
44. Rdd1 Qc4+ 45. Kd2 Qe2+ 46. Kc3 f2 47. Rab1 h5 {White resigns} 0-1

[Event "ICC tourney 2875 (40 10)"]
[Site "Internet Chess Club"]
[Date "2022.04.09"]
[Round "3"]
[White "CHINNI, RISHABH:alphachesplayer"]
[Black "ARUTLA, ADITYA:adiaru27"]
[Result "0-1"]
[ICCResult "White resigns"]
[WhiteElo "1687"]
[BlackElo "1749"]
[Opening "French: Tarrasch, open variation"]
[ECO "C07"]
[NIC "FR.18"]
[Time "15:30:18"]
[PlyCount "56"]
[TimeControl "2400+10"]

1. e4 e6 2. d4 d5 3. Nd2 c5 4. Ngf3 cxd4 5. Nxd4 Nc6 6. Bb5 Bd7 7. Bxc6 bxc6
8. exd5 cxd5 9. N2f3 Nf6 10. O-O Bd6 11. Re1 O-O 12. b3 Re8 13. Ne5 Qc7 14.
Ndf3 Ne4 15. Bb2 Rad8 16. c4 Bb4 17. Re3 Bc6 18. Nxc6 Qxc6 19. Qd4 Bf8 20.
cxd5 exd5 21. Rc1 Qh6 22. Ne5 Bd6 23. Ng4 Qg5 24. h3 h5 25. Nh2 Be5 26. Qd2
Bxh2+ 27. Kxh2 Nxd2 28. Rg3 Qf4 {White resigns} 0-1

[Event "ICC tourney 2875 (40 10)"]
[Site "Internet Chess Club"]
[Date "2022.04.09"]
[Round "3"]
[White "HO, CARTER:corviknight"]
[Black "OPASKA, MICHAEL:mopaska1106"]
[Result "1-0"]
[ICCResult "Black checkmated"]
[WhiteElo "2028"]
[BlackElo "1778"]
[Opening "Sicilian: Labourdonnais-Löwenthal (Kalashnikov) variation"]
[ECO "B32"]
[NIC "SI.32"]
[Time "15:31:01"]
[PlyCount "79"]
[TimeControl "2400+10"]

1. e4 c5 2. Nf3 Nc6 3. d4 cxd4 4. Nxd4 e5 5. Nb5 d6 6. c4 Be7 7. N1c3 a6 8.
Na3 Be6 9. Be2 Bg5 10. O-O h6 11. Nc2 Nge7 12. Ne3 O-O 13. Ned5 Bxc1 14.
Rxc1 Nd4 15. Bg4 Nxd5 16. Nxd5 Bxd5 17. cxd5 Qb6 18. Qd2 Kh7 19. Rc3 g6 20.
Rh3 Kg7 21. Qxh6+ Kf6 22. Qh4+ Kg7 23. Qh7+ Kf6 24. Qh4+ Kg7 25. Qh6+ Kf6
26. Qd2 Rh8 27. Rxh8 Rxh8 28. Rc1 Kg7 29. Rc3 Qa5 30. a3 Qb6 31. g3 Re8 32.
Kg2 Re7 33. h4 Rc7 34. h5 Rxc3 35. bxc3 Nb5 36. Qg5 Nxc3 37. h6+ Kh7 38. Qf6
Kxh6 39. Qh8+ Kg5 40. Qh4# {Black checkmated} 1-0

[Event "ICC tourney 2875 (40 10)"]
[Site "Internet Chess Club"]
[Date "2022.04.09"]
[Round "3"]
[White "MENDES, AARON REEVE:K03-30164243"]
[Black "QUIRKE, JEFFREY L:PawnEatingZombi"]
[Result "0-1"]
[ICCResult "White checkmated"]
[WhiteElo "1750"]
[BlackElo "2049"]
[Opening "Caro-Kann: anti-anti-Caro-Kann defense"]
[ECO "B10"]
[NIC "CK.01"]
[Time "15:30:34"]
[PlyCount "146"]
[TimeControl "2400+10"]

1. e4 c6 2. c4 d5 3. cxd5 cxd5 4. exd5 Nf6 5. Nc3 g6 6. Nf3 Bg7 7. Bc4 O-O
8. O-O Na6 9. Re1 Nc7 10. d4 Ncxd5 11. Qb3 Nb6 12. Bd3 Bg4 13. Be2 Be6 14.
Qd1 Rc8 15. Bg5 Nbd5 16. Nxd5 Nxd5 17. a3 Qd6 18. Rc1 Rxc1 19. Qxc1 Rc8 20.
Qd2 Qc7 21. Rc1 Qxc1+ 22. Qxc1 Rxc1+ 23. Bxc1 Nb6 24. Ne5 Bd5 25. h3 f6 26.
Nd3 Nc8 27. Nb4 Bb3 28. Bf3 Nd6 29. Bd5+ Bxd5 30. Nxd5 Kf7 31. Ne3 f5 32.
Nc2 Ke6 33. b3 a5 34. Bb2 Kd5 35. f3 f4 36. g3 g5 37. gxf4 gxf4 38. Bc3 b6
39. Bd2 Bh6 40. a4 Nf5 41. Be1 Bg7 42. Bd2 Nxd4 43. Nxd4 Bxd4+ 44. Kf1 e5
45. Ke2 Bc5 46. Kd3 Bb4 47. Bc1 Be1 48. Bb2 Bf2 49. Bc3 Bd4 50. Bd2 Ba1 51.
Be1 Bb2 52. Bf2 Bd4 53. Be1 e4+ 54. fxe4+ Ke5 55. Bh4 Bc5 56. Be1 f3 57.
Bg3+ Ke6 58. Kd2 h5 59. h4 Bd4 60. Bf4 Bf6 61. Bg5 Bd4 62. Bf4 Bf2 63. Be3
Bxh4 64. Bxb6 Bg5+ 65. Be3 f2 66. Ke2 Bxe3 67. b4 axb4 68. a5 b3 69. a6 Ba7
70. e5 b2 71. Kd2 b1=Q 72. Ke2 f1=Q+ 73. Kd2 Qfe1# {White checkmated} 0-1

[Event "ICC tourney 2875 (40 10)"]
[Site "Internet Chess Club"]
[Date "2022.04.09"]
[Round "3"]
[White "Laido, Olivia:beibeiolivia"]
[Black "Guo, Anni:movingkid"]
[Result "0-1"]
[ICCResult "White checkmated"]
[WhiteElo "1646"]
[BlackElo "1700"]
[Opening "Sicilian: Alapin's variation (2.c3)"]
[ECO "B22"]
[NIC "SI.47"]
[Time "15:30:24"]
[PlyCount "72"]
[TimeControl "2400+10"]

1. e4 c5 2. c3 Nf6 3. e5 Nd5 4. d4 cxd4 5. cxd4 e6 6. Nf3 d6 7. a3 Nc6 8.
Bd3 Be7 9. O-O O-O 10. Qe2 f5 11. exf6 Nxf6 12. Nc3 d5 13. Bc2 Qe8 14. Nb5
Qd7 15. Qd3 a6 16. Nc3 Qe8 17. Bg5 Qh5 18. h3 Bd6 19. Rae1 Bd7 20. Bh4 Ne7
21. Ne2 Nf5 22. Bg5 Ne4 23. Bc1 Nh4 24. Nxh4 Qxh4 25. f3 Ng3 26. Nxg3 Bxg3
27. Rd1 Bb5 28. Qe3 Bxf1 29. Qxe6+ Kh8 30. Kxf1 Rac8 31. Bb1 Rfe8 32. Qf5 g6
33. Qxd5 Be1 34. Rd2 Bxd2 35. Bxd2 Rc1+ 36. Bxc1 Re1# {White checkmated} 0-1

[Event "ICC tourney 2875 (40 10)"]
[Site "Internet Chess Club"]
[Date "2022.04.09"]
[Round "3"]
[White "IVANOV, ALEXANDER:marble"]
[Black "MITRABHA, GUHA:babysnake"]
[Result "0-1"]
[ICCResult "White resigns"]
[WhiteElo "2391"]
[BlackElo "2560"]
[Opening "Ruy Lopez: Classical defense deferred"]
[ECO "C70"]
[NIC "RL.09"]
[Time "15:30:47"]
[PlyCount "70"]
[TimeControl "2400+10"]

1. e4 e5 2. Nf3 Nc6 3. Bb5 a6 4. Ba4 Bc5 5. c3 Nge7 6. O-O Ng6 7. d4 Ba7 8.
d5 Nce7 9. d6 cxd6 10. Qxd6 O-O 11. Bb3 Bb8 12. Qd3 d6 13. Na3 b5 14. Nc2
Kh8 15. Nb4 h6 16. a4 bxa4 17. Rxa4 f5 18. Nd5 Bd7 19. Ra1 fxe4 20. Qxe4 Bf5
21. Qa4 Ba7 22. Be3 Bxe3 23. fxe3 Rb8 24. Rf2 Bd7 25. Qa3 Bc6 26. Rd2 Rxf3
27. gxf3 Nh4 28. Kf2 Nxd5 29. Bxd5 Bxd5 30. Rxd5 Qf6 31. f4 Qg6 32. Rg1 Qc2+
33. Kg3 Nf5+ 34. Kh3 Rxb2 35. Rxe5 dxe5 {White resigns} 0-1

[Event "ICC tourney 2875 (40 10)"]
[Site "Internet Chess Club"]
[Date "2022.04.09"]
[Round "3"]
[White "LENDERMAN, ALEKSANDR:manest"]
[Black "Nguyen, Hoa Duc:leoman"]
[Result "0-1"]
[ICCResult "White resigns"]
[WhiteElo "2524"]
[BlackElo "2469"]
[Opening "Grünfeld: Three knights variation"]
[ECO "D90"]
[NIC "GI.07"]
[Time "15:31:01"]
[PlyCount "108"]
[TimeControl "2400+10"]

1. d4 Nf6 2. c4 g6 3. Nc3 d5 4. Nf3 Bg7 5. h3 O-O 6. cxd5 Nxd5 7. e4 Nxc3 8.
bxc3 c5 9. Be2 b6 10. Be3 Bb7 11. Qd3 Ba6 12. Qd2 Qc8 13. Rc1 Nd7 14. O-O
Qb7 15. Bxa6 Qxa6 16. Rfd1 Rac8 17. d5 c4 18. Nd4 Ne5 19. Rc2 Qa4 20. Bh6
Bxh6 21. Qxh6 Qd7 22. f4 Nd3 23. Rf1 Qd6 24. Qg5 Kh8 25. e5 Qd7 26. Nc6 f6
27. exf6 exf6 28. Qh4 Qxd5 29. Nd4 g5 30. fxg5 Qxg5 31. Qxg5 fxg5 32. Rxf8+
Rxf8 33. Re2 Nf4 34. Re5 h6 35. Nb5 Rd8 36. Nd4 Rd7 37. Re8+ Kh7 38. Rc8 b5
39. Kh2 a6 40. Rc6 b4 41. Rxc4 bxc3 42. Nf3 Nd5 43. Kg3 Rc7 44. Rxc7+ Nxc7
45. Ne1 Nd5 46. Nc2 Kg6 47. Kf3 Kf5 48. a3 h5 49. Nd4+ Ke5 50. Nc2 h4 51.
Kg4 Nf4 52. g3 hxg3 53. Kxg3 Ke4 54. Kg4 Ne6 {White resigns} 0-1

[Event "ICC tourney 2875 (40 10)"]
[Site "Internet Chess Club"]
[Date "2022.04.09"]
[Round "3"]
[White "HEBDEN, MARK L:mhebden"]
[Black "Kodarapu, Ishaan:pika0008"]
[Result "1/2-1/2"]
[ICCResult "Game drawn by repetition"]
[WhiteElo "2498"]
[BlackElo "1947"]
[Opening "Sicilian defense"]
[ECO "B30"]
[NIC "SI.31"]
[Time "15:30:31"]
[PlyCount "130"]
[TimeControl "2400+10"]

1. e4 c5 2. Nf3 Nc6 3. Nc3 e5 4. Bc4 Be7 5. d3 Nf6 6. Nd2 O-O 7. Nf1 d6 8.
Ne3 Be6 9. O-O a6 10. a4 Rb8 11. Ncd5 b5 12. Nxf6+ Bxf6 13. Bd5 Ne7 14. Bxe6
fxe6 15. axb5 axb5 16. Qg4 Qd7 17. Bd2 Nc6 18. c3 Ra8 19. Rxa8 Rxa8 20. f4
exf4 21. Nd5 Qf7 22. Nxf4 Ne5 23. Qh3 Re8 24. Nh5 Qg6 25. Bf4 Kh8 26. Bxe5
Bxe5 27. Qf3 Kg8 28. h4 h6 29. g3 Rd8 30. Kg2 Re8 31. Kh3 Rd8 32. Qg4 Qxg4+
33. Kxg4 Rf8 34. Nf4 Bxf4 35. gxf4 Ra8 36. f5 e5 37. Kf3 Ra2 38. Rf2 Kf7 39.
Rg2 c4 40. dxc4 bxc4 41. Ke3 Ra1 42. Rg6 Re1+ 43. Kf3 Rd1 44. Ke2 Rd3 45. h5
Rh3 46. Rxd6 Rxh5 47. Re6 Rh2+ 48. Kf3 Rxb2 49. Rxe5 Rc2 50. Rc5 Rxc3+ 51.
Kf4 Rc1 52. Rc7+ Kg8 53. Kg3 c3 54. Kg2 c2 55. e5 Re1 56. Rc8+ Kh7 57. Rxc2
Rxe5 58. Rf2 Kg8 59. f6 g6 60. f7+ Kf8 61. Rf6 Rg5+ 62. Kh3 Rh5+ 63. Kg2
Rg5+ 64. Kh3 Rh5+ 65. Kg2 Rg5+ {Game drawn by repetition} 1/2-1/2

[Event "ICC tourney 2875 (40 10)"]
[Site "Internet Chess Club"]
[Date "2022.04.09"]
[Round "3"]
[White "WU, JAYDEN:SparkyNinja"]
[Black "Vittal, Sanjana:MCTS13"]
[Result "1-0"]
[ICCResult "Black forfeits on time"]
[WhiteElo "1698"]
[BlackElo "1980"]
[Opening "Ruy Lopez: classical defense, 4.c3"]
[ECO "C64"]
[NIC "RL.01"]
[Time "15:30:51"]
[PlyCount "79"]
[TimeControl "2400+10"]

1. e4 e5 2. Nf3 Nc6 3. Bb5 Bc5 4. c3 Qf6 5. b4 Bb6 6. Bb2 Nge7 7. O-O O-O 8.
d4 d6 9. d5 Nb8 10. Bc1 h6 11. Be2 Qg6 12. Nbd2 f5 13. Bd3 f4 14. Kh1 Qf6
15. Nb3 g5 16. c4 a6 17. c5 Ba7 18. Qc2 Bg4 19. Nbd2 Nd7 20. Ba3 Rac8 21.
Ng1 a5 22. Qa4 axb4 23. cxd6 cxd6 24. Bxb4 Bc5 25. f3 Ra8 26. Qb3 Bh5 27.
Ne2 Bxb4 28. Qxb4 Nc5 29. Bb5 g4 30. a4 g3 31. h3 Ng6 32. Nb3 Nxb3 33. Qxb3
Qe7 34. Rac1 Rfc8 35. Rc3 Nh8 36. Rfc1 Rxc3 37. Qxc3 Qh4 38. Ng1 Be8 39. Qc7
Bxb5 40. axb5 {Black forfeits on time} 1-0

[Event "ICC tourney 2875 (40 10)"]
[Site "Internet Chess Club"]
[Date "2022.04.09"]
[Round "3"]
[White "TANG, DYLAN:ruitang"]
[Black "TANG, ZOEY:WonderZ"]
[Result "1/2-1/2"]
[ICCResult "Game drawn by repetition"]
[WhiteElo "1817"]
[BlackElo "2072"]
[Opening "Neo-Grünfeld, 6.O-O, main line"]
[ECO "D79"]
[NIC "GI.02"]
[Time "15:31:01"]
[PlyCount "103"]
[TimeControl "2400+10"]

1. d4 Nf6 2. Nf3 g6 3. g3 d5 4. Bg2 Bg7 5. O-O O-O 6. c4 c6 7. cxd5 cxd5 8.
Nc3 Nc6 9. Ne5 e6 10. Nxc6 bxc6 11. Bf4 Nd7 12. Na4 Qa5 13. Rc1 Ba6 14. Re1
Rac8 15. a3 Bb5 16. Nc5 Nxc5 17. Rxc5 Rfe8 18. e3 f6 19. a4 Qxa4 20. Qxa4
Bxa4 21. Ra5 Bb5 22. Rxa7 e5 23. dxe5 fxe5 24. Bg5 Kf8 25. e4 d4 26. Rea1 h6
27. Bd2 Re7 28. Bf1 Rxa7 29. Rxa7 Bxf1 30. Kxf1 c5 31. b3 Kg8 32. Rb7 c4 33.
bxc4 Rxc4 34. Ke2 Ra4 35. Kd3 Ra3+ 36. Ke2 g5 37. h3 Kh7 38. Re7 Kg6 39. Rb7
Bf6 40. Rb6 Ra1 41. f4 Kg7 42. Rb7+ Kg8 43. Rb6 Kf7 44. Rb7+ Kg8 45. Rb6 Kg7
46. Rb7+ Kg8 47. Rb6 Kg7 48. Rb7+ Kg8 49. Rb6 Kg7 50. Rb7+ Kg8 51. Rb6 Kg7
52. Rb7+ {Game drawn by repetition} 1/2-1/2

[Event "ICC tourney 2875 (40 10)"]
[Site "Internet Chess Club"]
[Date "2022.04.09"]
[Round "3"]
[White "YUAN, SERENA:doudou2011"]
[Black "LYNN, BENNETT:ben622"]
[Result "0-1"]
[ICCResult "White resigns"]
[WhiteElo "1651"]
[BlackElo "1813"]
[Opening "Neo-Grünfeld, 6.O-O c6"]
[ECO "D78"]
[NIC "GI.02"]
[Time "15:30:12"]
[PlyCount "142"]
[TimeControl "2400+10"]

1. d4 Nf6 2. Nf3 g6 3. g3 Bg7 4. Bg2 O-O 5. O-O d5 6. c4 c6 7. Nc3 dxc4 8.
Ne5 Be6 9. e3 Nbd7 10. Nxd7 Qxd7 11. Na4 Bh3 12. Nc5 Qc8 13. Qc2 Bxg2 14.
Kxg2 b6 15. Na4 Qe6 16. Bd2 h5 17. h4 Ne4 18. Bb4 c5 19. dxc5 Qc6 20. f3
bxc5 21. Ba3 Nd6 22. Bxc5 Rab8 23. Bxd6 Qxd6 24. Rfd1 Qb4 25. a3 Qb3 26.
Qxb3 Rxb3 27. Rd2 Rfb8 28. Rc1 Bxb2 29. Rxc4 Bxa3 30. e4 a5 31. Rc3 Rxc3 32.
Nxc3 Bb4 33. Rd3 Bxc3 34. Rxc3 Ra8 35. Ra3 a4 36. Kf2 Kf8 37. Ke3 Ke8 38.
Kd4 Kd7 39. Kc5 Ke6 40. Kb5 Ke5 41. Kc5 f6 42. Kc6 Ke6 43. f4 f5 44. e5 Rc8+
45. Kb5 Rb8+ 46. Kc6 Rb3 47. Rxa4 Rc3+ 48. Kb5 Rxg3 49. Ra6+ Kf7 50. Kc5 Rg4
51. Kd5 Rxf4 52. e6+ Kg7 53. Ra7 Kf6 54. Ra8 Rxh4 55. Rf8+ Kg7 56. Rf7+ Kg8
57. Rxe7 Re4 58. Ra7 Kf8 59. Kd6 Re1 60. e7+ Kf7 61. Rb7 Re6+ 62. Kd5 Rxe7
63. Rb1 Kf6 64. Rg1 f4 65. Rf1 g5 66. Rh1 h4 67. Rg1 Kf5 68. Kd4 Rd7+ 69.
Kc3 f3 70. Rf1 g4 71. Ra1 Kf4 {White resigns} 0-1

[Event "ICC tourney 2875 (40 10)"]
[Site "Internet Chess Club"]
[Date "2022.04.09"]
[Round "3"]
[White "CHEN, RYO WENYU:e4f5"]
[Black "BAGCHI, SOUNAK:Chesssaga"]
[Result "1-0"]
[ICCResult "Black resigns"]
[WhiteElo "2295"]
[BlackElo "1888"]
[Opening "Sicilian: accelerated fianchetto, modern variation"]
[ECO "B34"]
[NIC "SI.33"]
[Time "15:31:01"]
[PlyCount "151"]
[TimeControl "2400+10"]

1. e4 c5 2. Nf3 g6 3. d4 cxd4 4. Nxd4 Nc6 5. Nc3 Bg7 6. Nb3 Nf6 7. Be2 d6 8.
O-O O-O 9. Bg5 Be6 10. Kh1 Rc8 11. f4 Na5 12. Nd2 Nc4 13. Nxc4 Bxc4 14. Bxc4
Rxc4 15. Qd3 Rc8 16. f5 Re8 17. Rad1 Qa5 18. Bxf6 Bxf6 19. Nd5 Qxa2 20. c3
Qc4 21. Qf3 Rf8 22. g4 g5 23. h4 h6 24. Nxf6+ exf6 25. Rxd6 Rc6 26. Rd4 Qb5
27. Rb4 Qa6 28. e5 Rb6 29. Rxb6 Qxb6 30. Rf2 fxe5 31. hxg5 hxg5 32. f6 Qc6
33. Qxc6 bxc6 34. Rf5 Re8 35. Rxg5+ Kf8 36. Kg2 Re6 37. Rf5 e4 38. Kf2 Kg8
39. Ke3 Kh7 40. Ra5 Kg6 41. Rxa7 Kxf6 42. Ra5 Kg6 43. b4 Kh6 44. Rf5 Kg6 45.
c4 Rd6 46. Kxe4 Rd1 47. Rc5 Re1+ 48. Kf4 Re6 49. Ra5 Kg7 50. Ra6 Rd6 51. Kg5
Rg6+ 52. Kh4 Rh6+ 53. Kg3 Rd6 54. Kh4 Rh6+ 55. Kg5 Rg6+ 56. Kf5 Rf6+ 57. Ke5
Re6+ 58. Kf5 Rf6+ 59. Ke4 Rg6 60. g5 Rxg5 61. Rxc6 Rg4+ 62. Kf5 Rg1 63. b5
Rf1+ 64. Ke4 f5+ 65. Ke3 Kf7 66. b6 Ke7 67. Rc7+ Kd8 68. c5 Rb1 69. Kf4 Rf1+
70. Ke5 f4 71. Rf7 Re1+ 72. Kd6 Rd1+ 73. Kc6 Ke8 74. Rxf4 Rb1 75. b7 Rb2 76.
Kc7 {Black resigns} 1-0